Map: Proxima Station LE

Players

LiquidMaNa (MaNa)

  • Race: Protoss Protoss
  • League: Master
  • Spawn Location: 1:00

ByuN - Winner!

  • Race: Terran Terran
  • Spawn Location: 7:00

Event: HomeStory Cup XV

VOD

Have the link to the VOD?

Description

Time

  • Played on: July 22, 2017, 7:06 a.m.
  • Length: 7:26

All games in this series

Show
View Real Time Build Order
Export as new Build Order

LiquidMaNa Protoss 

Build Orders: Oracle Opening, Colossus Rush 

Get SALT Encoding   

  12  0:00  Probe (Chrono Boost)  
  13  0:11  Probe (Chrono Boost)  
  14  0:18  Pylon  
  14  0:22  Probe (Chrono Boost)  
  15  0:36  Probe (Chrono Boost), Gateway  
  15  0:42  Assimilator  
  16  0:47  Probe (Chrono Boost)  
  17  0:57  Probe (Chrono Boost)  
  17  0:58  Assimilator  
  18  1:08  Probe (Chrono Boost)  
  20  1:18  Probe (Chrono Boost)  
  20  1:25  Cybernetics Core  
  20  1:29  Probe (Chrono Boost)  
  20  1:30  Pylon  
  21  1:39  Probe (Chrono Boost)  
  22  1:50  Probe (Chrono Boost)  
  22  1:52  Nexus  
  23  2:00  Probe (Chrono Boost)  
  24  2:07  Stargate  
  24  2:11  Probe (Chrono Boost)  
  24  2:15  Warp Gate  
  25  2:21  Adept  
  25  2:22  Probe (Chrono Boost)  
  28  2:31  Pylon  
  28  2:32  Probe (Chrono Boost)  
  29  2:43  Probe (Chrono Boost)  
  30  2:49  Adept  
  32  2:51  Oracle (Chrono Boost)  
  32  2:53  Probe  
  36  3:03  Probe  
  38  3:05  Probe  
  38  3:13  Probe  
  38  3:16  Adept  
  38  3:17  Probe  
  42  3:25  Probe  
  42  3:26  Oracle (Chrono Boost)  
  46  3:29  Probe  
  47  3:36  Probe, Pylon  
  48  3:42  Probe  
  48  3:46  Probe, Assimilator  
  48  3:47  Assimilator  
  50  3:51  Robotics Facility  
  50  3:54  Probe  
  51  3:57  Probe  
  50  4:06  Probe  
  50  4:07  Probe  
  49  4:18  Probe x2  
  48  4:24  Adept  
  48  4:25  Gateway x2  
  48  4:28  Probe  
  48  4:30  Probe (Chrono Boost)  
  50  4:40  Observer, Probe (Chrono Boost)  
  50  4:41  Robotics Bay  
  50  4:42  Probe (Chrono Boost)  
  53  4:46  Nexus  
  53  4:50  Sentry  
  53  4:51  Probe (Chrono Boost)  
  57  4:53  Probe (Chrono Boost)  
  57  4:54  Pylon  
  57  5:02  Probe (Chrono Boost)  
  59  5:10  Mothership Core (Chrono Boost)  
  60  5:14  Pylon  
  60  5:15  Probe (Chrono Boost)  
  61  5:23  Stalker  
  61  5:24  Stalker x2  
  61  5:25  Probe (Chrono Boost)  
  61  5:27  Colossus (Chrono Boost)  
  68  5:33  Probe (Chrono Boost)  
  75  5:35  Probe (Chrono Boost)  
  76  5:44  Probe  
  76  5:45  Probe  
  78  5:52  Pylon  
  78  5:56  Forge  
  78  5:58  Phoenix  
  78  6:00  Pylon  
  80  6:07  Zealot x3  
  82  6:13  Colossus  
  80  6:25  Probe  
  86  6:26  Probe x2, Phoenix (Chrono Boost)  
  91  6:42  Zealot, Stalker x2  
  91  6:49  Phoenix (Chrono Boost)  
  91  7:02  Probe x2  
  91  7:07  Zealot x3  
Show
View Real Time Build Order
Export as new Build Order

ByuN Terran - Winner!

Build Orders: Command Center First (CC), MMM Bio 

Get SALT Encoding   

  12  0:00  SCV  
  13  0:12  SCV  
  14  0:17  Supply Depot  
  14  0:25  SCV  
  15  0:39  SCV  
  16  0:51  SCV  
  17  0:59  Command Center  
  17  1:03  SCV  
  18  1:13  Barracks  
  18  1:15  SCV  
  19  1:25  Barracks  
  19  1:29  SCV  
  20  1:40  Barracks  
  20  1:42  SCV  
  21  1:59  Marine  
  21  2:00  Orbital Command  
  22  2:10  Orbital Command  
  22  2:13  Marine  
  23  2:17  Marine  
  24  2:26  SCV  
  24  2:27  Marine  
  24  2:28  Refinery x2  
  26  2:30  Marine  
  26  2:35  Marine  
  28  2:38  SCV x2  
  30  2:47  Marine, Supply Depot  
  30  2:50  SCV x2, Marine  
  34  2:53  Marine  
  34  2:58  Engineering Bay  
  35  3:02  SCV  
  35  3:05  Barracks Tech Lab  
  36  3:08  SCV  
  39  3:14  SCV  
  39  3:15  Supply Depot  
  39  3:17  Barracks Reactor x2  
  38  3:21  SCV  
  38  3:24  Missile Turret  
  38  3:26  SCV  
  38  3:27  Marine, Missile Turret  
  41  3:35  Stimpack  
  41  3:36  SCV  
  41  3:38  SCV  
  41  3:40  Refinery  
  43  3:49  SCV, Supply Depot  
  43  3:50  SCV  
  43  3:54  Factory  
  45  4:01  Marine x4  
  47  4:03  Marine  
  47  4:04  SCV x2  
  49  4:16  SCV  
  46  4:19  Marine x4  
  46  4:21  Marine  
  46  4:23  SCV  
  52  4:28  SCV  
  53  4:34  Terran Infantry Weapons Level 1  
  53  4:35  SCV  
  53  4:36  Marine  
  53  4:37  Marine x2  
  55  4:39  Marine x2  
  55  4:40  SCV  
  55  4:43  Supply Depot  
  58  4:45  Starport  
  58  4:48  SCV  
  58  4:50  Factory Reactor  
  58  4:52  SCV  
  60  4:54  Marine x2  
  60  4:59  Marine  
  62  5:00  Marine  
  62  5:05  Marauder, SCV x2  
  66  5:09  Supply Depot  
  66  5:11  Supply Depot  
  66  5:15  Marine x2  
  66  5:17  SCV x2  
  66  5:18  Marine  
  66  5:19  Marine  
  69  5:31  Marauder, Medivac x2  
  69  5:32  Factory Reactor  
  69  5:33  Supply Depot  
  76  5:35  Supply Depot  
  76  5:38  Marine x4  
  76  5:42  Combat Shields  
  79  5:53  Marauder  
  79  5:56  Marine x4  
  85  5:57  Command Center  
  84  6:06  Medivac  
  84  6:10  Medivac  
  88  6:13  Marine  
  88  6:14  Marauder, Marine  
  88  6:15  Marine  
  88  6:16  Marine  
  94  6:21  Widow Mine x2  
  98  6:30  SCV, Supply Depot  
  98  6:31  Marine x2  
  98  6:32  SCV  
  102  6:36  Barracks, Refinery  
  102  6:37  Barracks  
  100  6:41  Marine  
  100  6:42  Marauder, Marine  
  100  6:48  SCV  
  100  6:49  Marine x2  
  100  6:50  SCV  
  104  6:56  Supply Depot  
  104  6:59  Marine  
  105  7:03  Marauder  
  105  7:04  Marine  
  105  7:07  Marine, SCV x2  
Tags
 
Add a new tag
Caveats
  • Supply blocks, unpowered buildings, or Contaminate may cause inaccurate times.
  • Supply counts are checked every 10 seconds.